 Dungeon Crawl Stone Soup version 0.25.1-2-g60ff931df9 (webtiles) character file.

Game seed: 10938669516073141776

6171 gbos the Cleaver (level 10, -1/96 HPs)
             Began as a Naga Fighter on Nov 19, 2020.
             Was an Elder of Cheibriados.
             Slain by a crocodile (8 damage)
             ... on level 10 of the Dungeon.
             The game lasted 00:02:42 (11700 turns).

gbos the Cleaver (Naga Fighter)                    Turns: 11700, Time: 00:02:43

Health: -1/96      AC: 16    Str: 29    XL:     10   Next: 91%
Magic:  0/10       EV:  6    Int: 22    God:    Cheibriados [****..]
Gold:   269        SH: 12    Dex: 20    Spells: 9/9 levels left

rFire    . . .     SeeInvis +   f - +0 morningstar
rCold    . . .     Gourm    .   c - +0 kite shield
rNeg     + . .     Faith    .   m - +3 plate armour
rPois    +         Spirit   +   (no helmet)
rElec    .         Reflect  .   j - +2 cloak
rCorr    +         Harm     .   (no gloves)
MR       +....                  (no barding)
Stlth    ..........             l - amulet of guardian spirit
HPRegen  0.26/turn              q - ring of positive energy
MPRegen  0.12/turn              p - ring of resist corrosion

@: very slow
A: large, see invisible, blink, deformed body, poison resistance, screaming 1,
slowness 2, slow metabolism 1, spit poison 1, wild magic 1, AC +3
a: Spit Poison, Blink, Bend Time, Temporal Distortion, Slouch, Renounce Religion


You were on level 10 of the Dungeon.
You worshipped Cheibriados.
Cheibriados was greatly pleased with you.
You were not hungry.

You visited 2 branches of the dungeon, and saw 12 of its levels.

You collected 529 gold pieces.
You spent 260 gold pieces at shops.


Innate Abilities, Weirdness & Mutations

You cannot wear boots.
Your serpentine skin is tough. (AC +3)
You have supernaturally acute eyesight. (SInv)
Armour fits poorly on your strangely shaped body.
Your system is resistant to poisons. (rPois)
You cover ground very slowly.
You have a slow metabolism.
You can spit poison.
You can translocate small distances at will.
You occasionally shout uncontrollably at your foes.
Your spells are a little harder to cast, but a little more powerful.


   Skills:
 + Level 7.9 Fighting
 - Level 12.0 Axes
 - Level 4.0 Armour
 - Level 3.0 Dodging
 - Level 5.2 Shields


You had 9 spell levels left.
You didn't know any spells.
Your spell library contained the following spells:

 Spells                   Type           Power        Failure   Level  Hunger
 Animate Skeleton         Necr           N/A          99%         1    ##.....
 Beastly Appendage        Tmut           #.....       99%         1    ##.....
 Pain                     Necr           #...         99%         1    ##.....
 Sticks to Snakes         Tmut           #.......     100%        2    ###....
 Confusing Touch          Hex            #.......     100%        3    ####...
 Gell's Gravitas          Tloc           #.........   100%        3    ####...
 Spider Form              Tmut/Pois      #.........   100%        3    ####...
 Vampiric Draining        Necr           #.........   100%        3    ####...
 Animate Dead             Necr           N/A          100%        4    #####..
 Ice Form                 Ice/Tmut       #.......     100%        4    #####..
 Petrify                  Tmut/Erth      #.......     100%        4    #####..
 Agony                    Necr           #.......     100%        5    ######.
 Blade Hands              Tmut           #.........   100%        5    ######.
 Metabolic Englaciation   Hex/Ice        #.........   100%        5    ######.
 Yara's Violent Unravell  Hex/Tmut       #.........   100%        5    ######.

Inventory:

Hand Weapons
 f - a +0 morningstar (weapon)
 Y - a +1 war axe
Missiles
 k - 4 javelins (quivered)
Armour
 c - a +0 kite shield (worn)
 j - a +2 cloak (worn)
 m - a +3 plate armour (worn)
Jewellery
 l - an amulet of guardian spirit (around neck)
 p - a ring of resist corrosion (right hand)
 q - a ring of positive energy (left hand)
Wands
 b - a wand of digging (6)
Scrolls
 a - 5 scrolls of identify
 s - 4 scrolls of remove curse
 v - 6 scrolls of teleportation
Potions
 d - 5 potions of might
 g - a potion of haste
 h - a potion of heal wounds
 n - 3 potions of curing
 o - a potion of resistance
Comestibles
 e - 17 rations

Dungeon Overview and Level Annotations

Branches:
Dungeon (11/15)            Temple (1/1) D:5
   Lair: D:8-11         Orc: D:9-12

Altars:
Ashenzari
Cheibriados
Dithmenos
Elyvilon
Fedhas
Gozag
Hepliaklqana
Kikubaaqudgha
Makhleb
Nemelex Xobeh
Okawaru
Qazlal
Ru
Sif Muna
Trog
Uskayaw
Vehumet
Wu Jian
Xom
Yredelemnul
Zin
The Shining One

Shops:
D:6 =   D:9 =

Annotations:
D:9 1 runed translucent door, gruber's ghost, novice GnIE


Message History

The seven-headed hydra bites you but does no damage. x3
You block the seven-headed hydra's attack.
The seven-headed hydra bites you but does no damage. x2
The seven-headed hydra bites you. The crocodile barely misses you.
You barely miss the seven-headed hydra.
The seven-headed hydra is almost dead.
The seven-headed hydra closely misses you.
The seven-headed hydra bites you.
The seven-headed hydra bites you but does no damage.
You block the seven-headed hydra's attack. x3
The seven-headed hydra bites you but does no damage.
The crocodile bites you.
You block the seven-headed hydra's attack.
The seven-headed hydra bites you!
The seven-headed hydra bites you but does no damage.
The seven-headed hydra bites you!
You block the seven-headed hydra's attack.
The seven-headed hydra completely misses you.
The seven-headed hydra bites you. The crocodile bites you!
You die...

...............#..#.....##..#
.>....#....##.##............#
##.........####.....##......##
##....#.##.####....###.......###
#....#####.....................#
....#......##..................#
##..##.##..##..................#
###.....#..##.............#....##
.......###......@t........##...#.
.........#.....D.................
.................................
......................###.#..#...
......................###.#......
...........#..........##..#..##..
............##...................
.........#.###.......##.#.....#..
.........####........#..#..#..#..


You could see a seven-headed hydra and a crocodile.

Vanquished Creatures
  Pikel (D:5)
  A hornet (D:8)
  2 hippogriffs
  Eustachio (D:5)
  A steam dragon (D:8)
  Edmund (D:4)
  A soldier ant (D:9)
  2 water moccasins
  2 sky beasts
  3 ice beasts
  3 orc warriors
  A black bear (D:8)
  4 slaves (D:5)
  4 ogres
  A phantom (D:5)
  3 necrophages
  2 centaurs
  2 crocodiles (D:7)
  A big kobold (D:8)
  6 bullfrogs
  A water moccasin zombie (D:9)
  A scorpion (D:8)
  3 killer bees (D:8)
  4 wights (D:9)
  4 crimson imps
  2 quasits
  3 jellies
  7 orc priests
  5 bullfrog skeletons
  6 hounds
  10 orc wizards
  A centaur skeleton (D:8)
  Terence (D:2)
  5 iguanas
  A worker ant (D:4)
  2 hound zombies
  A worker ant zombie (D:5)
  4 gnolls (D:7)
  12 adders
  4 shadow imps
  2 oozes
  2 adder zombies
  An adder skeleton (D:8)
  4 worms
  2 dart slugs
  9 leopard geckos
  37 orcs
  2 ball pythons
  6 bats
  6 giant cockroaches
  7 goblins
  7 hobgoblins
  17 jackals
  A quokka (D:5)
  7 frilled lizards
  A giant cockroach zombie (D:6)
  2 jackal skeletons
  13 kobolds
  A leopard gecko zombie (D:6)
  A quokka skeleton (D:3)
  14 rats
261 creatures vanquished.

Vanquished Creatures (others)
  2 sky beasts
  A centaur (D:9)
3 creatures vanquished.

Grand Total: 264 creatures vanquished

Notes
Turn   | Place    | Note
-------+----------+-------------------------------------------
     0 | D:1      | gbos the Naga Fighter began the quest for the Orb.
     0 | D:1      | Reached XP level 1. HP: 21/21 MP: 1/1
     0 | D:1      | 0 ||| counter = 328
   254 | D:1      | 254 ||| INVOKING Spit Poison.
   255 | D:1      | 255 ||| INVOKING Spit Poison.
   323 | D:1      | 323 ||| DROPPING +0 club.
   349 | D:1      | 349 ||| INVOKING Spit Poison.
   358 | D:1      | 358 ||| INVOKING Spit Poison.
   364 | D:1      | 364 ||| INVOKING Spit Poison.
   369 | D:1      | 369 ||| INVOKING Spit Poison.
   370 | D:1      | 370 ||| INVOKING Spit Poison.
   370 | D:1      | Reached XP level 2. HP: 28/28 MP: 2/2
   373 | D:1      | 373 ||| Stepping ~*~*~tactically~*~*~ (hiding).
   374 | D:1      | 374 ||| Stepping ~*~*~tactically~*~*~ (hiding).
   376 | D:1      | 376 ||| INVOKING Spit Poison.
   377 | D:1      | 377 ||| INVOKING Spit Poison.
   378 | D:1      | 378 ||| Waiting for ranged monster.
   379 | D:1      | 379 ||| Waiting for ranged monster.
   380 | D:1      | 380 ||| Waiting for ranged monster.
   381 | D:1      | 381 ||| Waiting for ranged monster.
   382 | D:1      | 382 ||| Waiting for ranged monster.
   383 | D:1      | 383 ||| Waiting for ranged monster.
   385 | D:1      | 385 ||| INVOKING Spit Poison.
   386 | D:1      | 386 ||| INVOKING Spit Poison.
   428 | D:1      | 428 ||| INVOKING Spit Poison.
   432 | D:1      | 432 ||| INVOKING Spit Poison.
   446 | D:1      | 446 ||| INVOKING Spit Poison.
   447 | D:1      | 447 ||| INVOKING Spit Poison.
   453 | D:1      | 453 ||| Stepping ~*~*~tactically~*~*~ (stealth).
   455 | D:1      | 455 ||| INVOKING Spit Poison.
   470 | D:1      | 470 ||| INVOKING Spit Poison.
   470 | D:1      | Reached skill level 3 in Axes
   518 | D:1      | 518 ||| INVOKING Spit Poison.
   593 | D:1      | 593 ||| Stepping ~*~*~tactically~*~*~ (hiding).
   594 | D:1      | 594 ||| Stepping ~*~*~tactically~*~*~ (hiding).
   595 | D:1      | 595 ||| Stepping ~*~*~tactically~*~*~ (hiding).
   596 | D:1      | 596 ||| Stepping ~*~*~tactically~*~*~ (hiding).
   597 | D:1      | 597 ||| Stepping ~*~*~tactically~*~*~ (hiding).
   599 | D:1      | 599 ||| INVOKING Spit Poison.
   600 | D:1      | 600 ||| INVOKING Spit Poison.
   635 | D:1      | Reached XP level 3. HP: 34/34 MP: 3/3
   667 | D:1      | 667 ||| INVOKING Spit Poison.
   668 | D:1      | 668 ||| INVOKING Spit Poison.
   750 | D:1      | 750 ||| INVOKING Spit Poison.
   755 | D:1      | 755 ||| INVOKING Spit Poison.
   788 | D:1      | Found a shimmering altar of Xom.
  1008 | D:1      | 1008 ||| UPGRADING to dyed leather armour.
  1018 | D:1      | 1018 ||| READING 4 scrolls labeled DOZXUL XACH.
  1019 | D:1      | 1019 ||| READING scroll labeled GOASMU UTZIMIV.
  1023 | D:1      | 1023 ||| READING scroll labeled OLEKAB WUMULL.
  1024 | D:1      | 1024 ||| UPGRADING to +0 scale mail.
  1034 | D:1      | 1034 ||| DROPPING +0 leather armour.
  1035 | D:1      | 1035 ||| READING scroll labeled JEIHOXZ WONOZ.
  1036 | D:1      | 1036 ||| READING scroll labeled XOKENI VAKHAMO.
  1037 | D:1      | 1037 ||| READING 3 scrolls of identify.
  1037 | D:1      | 1037 ||| IDENTIFYING cyan potion
  1038 | D:1      | 1038 ||| READING 2 scrolls of identify.
  1038 | D:1      | 1038 ||| IDENTIFYING smoky blue potion
  1066 | D:2      | 1066 ||| INVOKING Spit Poison.
  1078 | D:2      | 1078 ||| DROPPING whip.
  1097 | D:2      | 1097 ||| INVOKING Spit Poison.
  1103 | D:2      | 1103 ||| INVOKING Spit Poison.
  1299 | D:2      | 1299 ||| Stepping ~*~*~tactically~*~*~ (stealth).
  1301 | D:2      | 1301 ||| Stepping ~*~*~tactically~*~*~ (stealth).
  1413 | D:2      | 1413 ||| INVOKING Spit Poison.
  1431 | D:2      | 1431 ||| UPGRADING to flail.
  1432 | D:2      | 1432 ||| READING scroll of remove curse.
  1433 | D:2      | 1433 ||| SWAPPING to +1 war axe.
  1582 | D:2      | Noticed Terence
  1583 | D:2      | 1583 ||| Stepping ~*~*~tactically~*~*~ (stealth).
  1585 | D:2      | 1585 ||| Stepping ~*~*~tactically~*~*~ (stealth).
  1590 | D:2      | Reached skill level 4 in Axes
  1613 | D:2      | Killed Terence
  1613 | D:2      | Reached XP level 4. HP: 15/42 MP: 4/4
  1823 | D:2      | 1823 ||| INVOKING Spit Poison.
  1835 | D:2      | 1835 ||| Stepping ~*~*~tactically~*~*~ (stealth).
  1836 | D:2      | 1836 ||| INVOKING Spit Poison.
  1840 | D:2      | 1840 ||| Stepping ~*~*~tactically~*~*~ (hiding).
  2236 | D:2      | 2236 ||| INVOKING Spit Poison.
  2348 | D:2      | 2348 ||| UPGRADING to runed cloak.
  2353 | D:2      | 2353 ||| UPGRADING to chain mail.
  2363 | D:2      | 2363 ||| DROPPING +0 scale mail.
  2364 | D:2      | 2364 ||| READING scroll labeled INKIMU SOFO.
  2365 | D:2      | 2365 ||| READING scroll labeled VEAMEU LIBINIH.
  2366 | D:2      | 2366 ||| READING scroll labeled GUTOZU HAPOFI.
  2367 | D:2      | 2367 ||| READING scroll labeled KIKHOT PETOZIY.
  2368 | D:2      | 2368 ||| READING 2 scrolls of identify.
  2368 | D:2      | 2368 ||| IDENTIFYING runed amethyst amulet
  2369 | D:2      | 2369 ||| UPGRADING to amulet of guardian spirit.
  2440 | D:3      | 2440 ||| INVOKING Spit Poison.
  2456 | D:3      | 2456 ||| Stepping ~*~*~tactically~*~*~ (stealth).
  2458 | D:3      | Reached skill level 5 in Axes
  2470 | D:3      | 2470 ||| INVOKING Spit Poison.
  2471 | D:3      | 2471 ||| INVOKING Spit Poison.
  2474 | D:3      | 2474 ||| INVOKING Spit Poison.
  2492 | D:3      | 2492 ||| INVOKING Spit Poison.
  2494 | D:3      | Reached XP level 5. HP: 49/49 MP: 5/5
  2505 | D:3      | 2505 ||| INVOKING Spit Poison.
  2506 | D:3      | 2506 ||| INVOKING Spit Poison.
  2521 | D:3      | 2521 ||| INVOKING Spit Poison.
  2559 | D:3      | 2559 ||| INVOKING Spit Poison.
  2597 | D:3      | 2597 ||| INVOKING Spit Poison.
  2628 | D:3      | 2628 ||| Stepping ~*~*~tactically~*~*~ (hiding).
  2629 | D:3      | 2629 ||| Stepping ~*~*~tactically~*~*~ (hiding).
  2630 | D:3      | 2630 ||| INVOKING Spit Poison.
  2721 | D:3      | 2721 ||| Stepping ~*~*~tactically~*~*~ (stealth).
  2724 | D:3      | 2724 ||| Stepping ~*~*~tactically~*~*~ (stealth).
  2729 | D:3      | 2729 ||| Stepping ~*~*~tactically~*~*~ (stealth).
  2730 | D:3      | 2730 ||| Stepping ~*~*~tactically~*~*~ (stealth).
  2732 | D:3      | 2732 ||| Stepping ~*~*~tactically~*~*~ (stealth).
  2755 | D:3      | 2755 ||| INVOKING Spit Poison.
  2756 | D:3      | 2756 ||| Stepping ~*~*~tactically~*~*~ (hiding).
  2758 | D:3      | 2758 ||| Stepping ~*~*~tactically~*~*~ (hiding).
  2759 | D:3      | 2759 ||| Waiting for ranged monster.
  2760 | D:3      | 2760 ||| INVOKING Spit Poison.
  2944 | D:3      | Found a glowing golden altar of the Shining One.
  2944 | D:3      | Found a white marble altar of Elyvilon.
  3035 | D:3      | 3035 ||| INVOKING Spit Poison.
  3044 | D:3      | Reached skill level 6 in Axes
  3065 | D:3      | 3065 ||| INVOKING Spit Poison.
  3065 | D:3      | Reached XP level 6. HP: 56/56 MP: 6/6
  3075 | D:3      | 3075 ||| Stepping ~*~*~tactically~*~*~ (stealth).
  3077 | D:3      | 3077 ||| INVOKING Spit Poison.
  3123 | D:3      | 3123 ||| FLEEEEING.
  3123 | D:3      | Found a shimmering altar of Xom.
  3124 | D:3      | 3124 ||| STAIRDANCE
  3164 | D:2      | 3164 ||| READING 2 scrolls of identify.
  3164 | D:2      | 3164 ||| IDENTIFYING metallic amethyst potion
  3165 | D:2      | 3165 ||| DROPPING potion of lignification.
  3177 | D:3      | 3177 ||| DROPPING +0 flail.
  3181 | D:3      | 3181 ||| DROPPING +1 flail of protection.
  3195 | D:3      | 3195 ||| INVOKING Spit Poison.
  3196 | D:3      | 3196 ||| INVOKING Spit Poison.
  3207 | D:3      | 3207 ||| INVOKING Spit Poison.
  3232 | D:3      | 3232 ||| INVOKING Spit Poison.
  3269 | D:3      | 3269 ||| INVOKING Spit Poison.
  3341 | D:3      | 3341 ||| INVOKING Spit Poison.
  3345 | D:3      | 3345 ||| INVOKING Spit Poison.
  3364 | D:3      | 3364 ||| INVOKING Spit Poison.
  3373 | D:3      | 3373 ||| INVOKING Spit Poison.
  3436 | D:3      | 3436 ||| READING scroll labeled MINOIWNOTT.
  3476 | D:4      | 3476 ||| INVOKING Spit Poison.
  3509 | D:4      | 3509 ||| INVOKING Spit Poison.
  3519 | D:4      | 3519 ||| INVOKING Spit Poison.
  3534 | D:4      | 3534 ||| INVOKING Spit Poison.
  3636 | D:4      | Found a radiant altar of Vehumet.
  3651 | D:4      | 3651 ||| INVOKING Spit Poison.
  3726 | D:4      | 3726 ||| INVOKING Spit Poison.
  3738 | D:4      | 3738 ||| INVOKING Spit Poison.
  3740 | D:4      | Found a hazy altar of Hepliaklqana.
  3763 | D:4      | 3763 ||| INVOKING Spit Poison.
  3787 | D:4      | Noticed Edmund
  3788 | D:4      | 3788 ||| INVOKING Spit Poison.
  3803 | D:4      | Killed Edmund
  3803 | D:4      | Reached skill level 7 in Axes
  3803 | D:4      | Reached XP level 7. HP: 16/62 MP: 2/7
  4347 | D:4      | 4347 ||| READING scroll labeled HONUNO IN UWE.
  4348 | D:4      | 4348 ||| DRINKING 2 red potions.
  4348 | D:4      | Gained mutation: You expend magic power (3 MP) to
                  | strengthen your wands. [potion of mutation]
  4348 | D:4      | Gained mutation: You tend to lose your temper in combat.
                  | [potion of mutation]
  4348 | D:4      | Gained mutation: You are partially covered in molten
                  | scales. (AC +2) [potion of mutation]
  4348 | D:4      | Gained mutation: You can exhale a cloud of poison. [potion
                  | of mutation]
  4349 | D:4      | 4349 ||| DRINKING potion of mutation.
  4349 | D:4      | Lost mutation: You can exhale a cloud of poison. [potion of
                  | mutation]
  4349 | D:4      | Lost mutation: You expend magic power (3 MP) to strengthen
                  | your wands. [potion of mutation]
  4349 | D:4      | Lost mutation: You tend to lose your temper in combat.
                  | [potion of mutation]
  4349 | D:4      | Lost mutation: You are partially covered in molten scales.
                  | (AC +2) [potion of mutation]
  4349 | D:4      | Gained mutation: Your spells are a little harder to cast,
                  | but a little more powerful. [potion of mutation]
  4349 | D:4      | Gained mutation: You occasionally shout uncontrollably at
                  | your foes. [potion of mutation]
  4349 | D:4      | Gained mutation: You can translocate small distances at
                  | will. [potion of mutation]
  4350 | D:4      | 4350 ||| READING 2 scrolls of identify.
  4350 | D:4      | 4350 ||| IDENTIFYING fuming emerald potion
  4351 | D:4      | 4351 ||| DROPPING potion of flight.
  4360 | D:5      | Entered Level 5 of the Dungeon
  4372 | D:5      | 4372 ||| STAIRDANCE
  4409 | D:4      | 4409 ||| EATING 12 rations.
  4416 | D:5      | 4416 ||| STAIRDANCE
  4510 | D:5      | 4510 ||| INVOKING Spit Poison.
  4522 | D:5      | Reached skill level 8 in Axes
  4535 | D:5      | 4535 ||| Stepping ~*~*~tactically~*~*~ (stealth).
  4537 | D:5      | 4537 ||| INVOKING Spit Poison.
  4538 | D:5      | 4538 ||| INVOKING Spit Poison.
  4542 | D:5      | 4542 ||| INVOKING Spit Poison.
  4620 | D:5      | 4620 ||| Stepping ~*~*~tactically~*~*~ (stealth).
  4620 | D:5      | Found a staircase to the Ecumenical Temple.
  4621 | D:5      | 4621 ||| INVOKING Spit Poison.
  4785 | Temple   | Entered the Ecumenical Temple
  4786 | Temple   | 4786 ||| Entered T.
  4850 | Temple   | Became a worshipper of Cheibriados the Contemplative
  4912 | D:5      | 4912 ||| INVOKING Spit Poison.
  4988 | D:5      | 4988 ||| INVOKING Spit Poison.
  5051 | D:5      | Found a shattered altar of Ashenzari.
  5062 | D:5      | Reached skill level 1 in Dodging
  5062 | D:5      | Reached XP level 8. HP: 58/72 MP: 6/8
  5129 | D:5      | Found an iron altar of Okawaru.
  5132 | D:5      | 5132 ||| INVOKING Spit Poison.
  5152 | D:5      | Reached skill level 3 in Shields
  5250 | D:5      | 5250 ||| INVOKING Spit Poison.
  5293 | D:5      | 5293 ||| INVOKING Spit Poison.
  5294 | D:5      | 5294 ||| INVOKING Spit Poison.
  5298 | D:5      | Found a hide-covered altar of Uskayaw.
  5318 | D:5      | 5318 ||| INVOKING Spit Poison.
  5396 | D:5      | 5396 ||| INVOKING Spit Poison.
  5435 | D:5      | Noticed Pikel
  5436 | D:5      | 5436 ||| Stepping ~*~*~tactically~*~*~ (hiding).
  5437 | D:5      | 5437 ||| Stepping ~*~*~tactically~*~*~ (hiding).
  5438 | D:5      | 5438 ||| INVOKING Spit Poison.
  5458 | D:5      | Killed Pikel
  5458 | D:5      | Reached skill level 9 in Axes
  5730 | D:5      | 5730 ||| EATING 13 rations.
  5751 | D:5      | Found a sacrificial altar of Ru.
  5754 | D:5      | 5754 ||| INVOKING Spit Poison.
  6004 | D:5      | 6004 ||| UPGRADING to runed scale mail.
  6014 | D:5      | 6014 ||| READING 3 scrolls of remove curse.
  6015 | D:5      | 6015 ||| UPGRADING to +0 chain mail.
  6025 | D:5      | 6025 ||| DROPPING +0 scale mail.
  6026 | D:5      | 6026 ||| READING scroll labeled BOBIWE DEUFEA.
  6027 | D:5      | 6027 ||| DRINKING 3 fuming sapphire potions.
  6028 | D:5      | 6028 ||| READING 3 scrolls of identify.
  6028 | D:5      | 6028 ||| IDENTIFYING lumpy sapphire potion
  6029 | D:5      | 6029 ||| READING 2 scrolls of identify.
  6029 | D:5      | 6029 ||| IDENTIFYING murky black potion
  6030 | D:5      | 6030 ||| DROPPING potion of berserk rage.
  6031 | D:5      | 6031 ||| DROPPING potion of magic.
  6054 | D:6      | Noticed Eustachio
  6055 | D:6      | 6055 ||| INVOKING Spit Poison.
  6058 | D:6      | 6058 ||| STAIRDANCE
  6108 | D:6      | 6108 ||| STAIRDANCE
  6112 | D:5      | 6112 ||| INVOKING Spit Poison.
  6113 | D:5      | 6113 ||| INVOKING Spit Poison.
  6118 | D:5      | 6118 ||| INVOKING Spit Poison.
  6124 | D:5      | Killed Eustachio
  6124 | D:5      | Reached XP level 9. HP: 49/81 MP: 7/9
  6302 | D:6      | 6302 ||| INVOKING Spit Poison.
  6333 | D:6      | 6333 ||| INVOKING Spit Poison.
  6340 | D:6      | Reached skill level 10 in Axes
  6402 | D:6      | Reached * piety under Cheibriados
  6467 | D:6      | Found Unumul's Jewellery Emporium.
  6586 | D:6      | 6586 ||| SHOPLISTING ring of the Yeti {Fire +Fly MR- Str+3}
                  | (470 gold, have 271).
  6586 | D:6      | 6586 ||| SHOPLISTING amulet of reflection (390 gold, have
                  | 271).
  6586 | D:6      | 6586 ||| SHOPLISTING ring of protection from cold (325
                  | gold, have 271).
  6586 | D:6      | Bought an uncursed ring of positive energy for 260 gold
                  | pieces
  6593 | D:6      | 6593 ||| INVOKING Spit Poison.
  6625 | D:6      | Reached skill level 6 in Fighting
  6779 | D:6      | 6779 ||| Stepping ~*~*~tactically~*~*~ (stealth).
  6781 | D:6      | 6781 ||| INVOKING Spit Poison.
  6980 | D:6      | 6980 ||| INVOKING Spit Poison.
  7066 | D:6      | 7066 ||| UPGRADING to tiny amethyst amulet.
  7068 | D:6      | 7068 ||| REMOVING amulet of faith.
  7069 | D:6      | 7069 ||| DROPPING amulet of faith.
  7070 | D:6      | 7070 ||| UPGRADING to amulet of guardian spirit.
  7153 | D:6      | 7153 ||| UPGRADING to ring of positive energy.
  7154 | D:6      | 7154 ||| READING 3 scrolls of identify.
  7154 | D:6      | 7154 ||| IDENTIFYING lumpy purple potion
  7155 | D:6      | 7155 ||| DROPPING potion of ambrosia.
  7203 | D:7      | Reached skill level 3 in Armour
  7381 | D:7      | 7381 ||| EATING 14 rations.
  7391 | D:7      | 7391 ||| INVOKING Spit Poison.
  7528 | D:7      | 7528 ||| INVOKING Spit Poison.
  7581 | D:7      | 7581 ||| Stepping ~*~*~tactically~*~*~ (hiding).
  7582 | D:7      | 7582 ||| Stepping ~*~*~tactically~*~*~ (hiding).
  7583 | D:7      | 7583 ||| Waiting for ranged monster.
  7584 | D:7      | 7584 ||| Waiting for ranged monster.
  7585 | D:7      | 7585 ||| Waiting for ranged monster.
  7589 | D:7      | 7589 ||| Waiting for ranged monster.
  7590 | D:7      | 7590 ||| Waiting for ranged monster.
  7591 | D:7      | 7591 ||| Waiting for ranged monster.
  7687 | D:7      | 7687 ||| INVOKING Spit Poison.
  8003 | D:7      | 8003 ||| INVOKING Spit Poison.
  8183 | D:7      | 8183 ||| INVOKING Spit Poison.
  8187 | D:7      | 8187 ||| INVOKING Spit Poison.
  8268 | D:7      | 8268 ||| Stepping ~*~*~tactically~*~*~ (stealth).
  8299 | D:7      | 8299 ||| Stepping ~*~*~tactically~*~*~ (stealth).
  8307 | D:7      | 8307 ||| INVOKING Spit Poison.
  8618 | D:7      | 8618 ||| UPGRADING to shiny peridot ring.
  8619 | D:7      | 8619 ||| DRINKING 4 viscous coppery potions.
  8620 | D:7      | 8620 ||| DROPPING 3 potions of stabbing.
  8643 | D:8      | Found a flagged portal.
  8644 | D:8      | 8644 ||| Stepping ~*~*~tactically~*~*~ (hiding).
  8645 | D:8      | 8645 ||| Waiting for ranged monster.
  8646 | D:8      | 8646 ||| Waiting for ranged monster.
  8647 | D:8      | 8647 ||| Waiting for ranged monster.
  8648 | D:8      | 8648 ||| Stepping ~*~*~tactically~*~*~ (hiding).
  8651 | D:8      | 8651 ||| STAIRDANCE
  8670 | D:8      | 8670 ||| STAIRDANCE
  8675 | D:8      | 8675 ||| STAIRDANCE
  8694 | D:8      | 8694 ||| INVOKING Spit Poison.
  8695 | D:8      | 8695 ||| INVOKING Spit Poison.
  8728 | D:8      | 8728 ||| Stepping ~*~*~tactically~*~*~ (stealth).
  8729 | D:8      | 8729 ||| INVOKING Spit Poison.
  8731 | D:8      | 8731 ||| Stepping ~*~*~tactically~*~*~ (stealth).
  8745 | D:8      | Reached ** piety under Cheibriados
  8745 | D:8      | Reached skill level 11 in Axes
  8752 | D:8      | Reached XP level 10. HP: 51/91 MP: 8/10
  8873 | D:8      | 8873 ||| Stepping ~*~*~tactically~*~*~ (stealth).
  8892 | D:8      | 8892 ||| Stepping ~*~*~tactically~*~*~ (stealth).
  8920 | D:8      | Paralysed by a hornet for 1 turns
  8931 | D:8      | 8931 ||| Stepping ~*~*~tactically~*~*~ (stealth).
  8932 | D:8      | 8932 ||| INVOKING Spit Poison.
  8934 | D:8      | 8934 ||| INVOKING Spit Poison.
  9014 | D:8      | 9014 ||| Stepping ~*~*~tactically~*~*~ (stealth).
  9132 | D:8      | 9132 ||| INVOKING Spit Poison.
  9144 | D:8      | 9144 ||| INVOKING Spit Poison.
  9145 | D:8      | 9145 ||| INVOKING Spit Poison.
  9157 | D:8      | 9157 ||| Stepping ~*~*~tactically~*~*~ (stealth).
  9256 | D:8      | 9256 ||| INVOKING Spit Poison.
  9257 | D:8      | 9257 ||| INVOKING Spit Poison.
  9303 | D:8      | 9303 ||| Stepping ~*~*~tactically~*~*~ (stealth).
  9304 | D:8      | 9304 ||| INVOKING Spit Poison.
  9306 | D:8      | 9306 ||| Stepping ~*~*~tactically~*~*~ (stealth).
  9317 | D:8      | 9317 ||| INVOKING Spit Poison.
  9385 | D:8      | 9385 ||| INVOKING Spit Poison.
  9394 | D:8      | 9394 ||| INVOKING Spit Poison.
  9409 | D:8      | 9409 ||| Stepping ~*~*~tactically~*~*~ (stealth).
  9410 | D:8      | 9410 ||| INVOKING Spit Poison.
  9416 | D:8      | 9416 ||| Stepping ~*~*~tactically~*~*~ (stealth).
  9417 | D:8      | 9417 ||| Stepping ~*~*~tactically~*~*~ (stealth).
  9480 | D:8      | 9480 ||| INVOKING Spit Poison.
  9483 | D:8      | 9483 ||| INVOKING Spit Poison.
  9539 | D:8      | 9539 ||| INVOKING Spit Poison.
  9587 | D:8      | 9587 ||| INVOKING Spit Poison.
  9598 | D:8      | Reached *** piety under Cheibriados
  9929 | D:8      | 9929 ||| UPGRADING to +0 plate armour.
  9939 | D:8      | 9939 ||| DROPPING +0 chain mail.
  9940 | D:8      | 9940 ||| READING 2 scrolls of enchant armour.
  9940 | D:8      | 9940 ||| ENCHANTING +0 plate armour.
  9941 | D:8      | 9941 ||| READING scroll of enchant armour.
  9941 | D:8      | 9941 ||| ENCHANTING +1 plate armour.
  9976 | D:9      | 9976 ||| INVOKING Spit Poison.
  9995 | D:9      | 9995 ||| READING scroll of enchant armour.
  9995 | D:9      | 9995 ||| ENCHANTING +2 plate armour.
 10076 | D:9      | 10076 ||| Stepping ~*~*~tactically~*~*~ (stealth).
 10083 | D:9      | 10083 ||| INVOKING Spit Poison.
 10091 | D:9      | 10091 ||| Stepping ~*~*~tactically~*~*~ (cloud).
 10092 | D:9      | 10092 ||| Stepping ~*~*~tactically~*~*~ (cloud).
 10093 | D:9      | 10093 ||| READING 7 scrolls of teleportation.
 10132 | D:9      | 10132 ||| INVOKING Spit Poison.
 10155 | D:9      | Reached **** piety under Cheibriados
 10217 | D:9      | Reached skill level 3 in Dodging
 10256 | D:9      | 10256 ||| INVOKING Spit Poison.
 10339 | D:9      | 10339 ||| Stepping ~*~*~tactically~*~*~ (stealth).
 10371 | D:9      | 10371 ||| Stepping ~*~*~tactically~*~*~ (stealth).
 10418 | D:9      | 10418 ||| Stepping ~*~*~tactically~*~*~ (hiding).
 10444 | D:9      | 10444 ||| INVOKING Spit Poison.
 10454 | D:9      | Found Ileobbae's Jewellery Shoppe.
 10467 | D:9      | 10467 ||| SHOPLISTING ring of fire (350 gold, have 127).
 10467 | D:9      | 10467 ||| SHOPLISTING ring of protection from magic (350
                  | gold, have 127).
 10467 | D:9      | 10467 ||| SHOPLISTING amulet of regeneration (420 gold,
                  | have 127).
 10599 | D:9      | Found a runed translucent door.
 10599 | D:9      | Noticed gruber's ghost (novice GnIE)
 10604 | D:9      | Found a stormy altar of Qazlal.
 10608 | D:9      | 10608 ||| Stepping ~*~*~tactically~*~*~ (stealth).
 10763 | D:9      | 10763 ||| INVOKING Spit Poison.
 10804 | D:9      | 10804 ||| Stepping ~*~*~tactically~*~*~ (hiding).
 10805 | D:9      | 10805 ||| Waiting for ranged monster.
 10811 | D:9      | 10811 ||| INVOKING Spit Poison.
 10812 | D:9      | 10812 ||| INVOKING Spit Poison.
 11032 | D:9      | 11032 ||| READING 5 scrolls of identify.
 11032 | D:9      | 11032 ||| IDENTIFYING glowing brown potion
 11033 | D:9      | 11033 ||| READING 4 scrolls of identify.
 11033 | D:9      | 11033 ||| IDENTIFYING coppery potion
 11035 | D:9      | 11035 ||| DROPPING potion of degeneration.
 11079 | D:10     | Entered Level 10 of the Dungeon
 11091 | D:10     | 11091 ||| STAIRDANCE
 11093 | D:9      | Reached skill level 12 in Axes
 11097 | D:10     | 11097 ||| STAIRDANCE
 11227 | D:10     | 11227 ||| INVOKING Spit Poison.
 11295 | D:10     | 11295 ||| INVOKING Spit Poison.
 11304 | D:10     | 11304 ||| Stepping ~*~*~tactically~*~*~ (hiding).
 11313 | D:10     | 11313 ||| Waiting for ranged monster.
 11370 | D:10     | 11370 ||| Stepping ~*~*~tactically~*~*~ (stealth).
 11372 | D:10     | 11372 ||| INVOKING Spit Poison.
 11475 | D:10     | 11475 ||| Stepping ~*~*~tactically~*~*~ (stealth).
 11478 | D:10     | 11478 ||| INVOKING Spit Poison.
 11479 | D:10     | 11479 ||| Stepping ~*~*~tactically~*~*~ (stealth).
 11481 | D:10     | 11481 ||| Stepping ~*~*~tactically~*~*~ (stealth).
 11550 | D:10     | 11550 ||| INVOKING Spit Poison.
 11651 | D:10     | 11651 ||| UPGRADING to large bronze ring.
 11653 | D:10     | 11653 ||| REMOVING ring of flight.
 11654 | D:10     | 11654 ||| DROPPING ring of flight.
 11655 | D:10     | 11655 ||| UPGRADING to ring of positive energy.
 11656 | D:10     | 11656 ||| READING 3 scrolls labeled DARHUTZEFYCA.
 11657 | D:10     | 11657 ||| DROPPING 2 scrolls of vulnerability.
 11684 | D:11     | Noticed a seven-headed hydra
 11685 | D:11     | 11685 ||| INVOKING Spit Poison.
 11686 | D:11     | 11686 ||| SWAPPING to +0 morningstar.
 11687 | D:11     | 11687 ||| STAIRDANCE
 11689 | D:10     | 11689 ||| SWAPPING to +1 war axe.
 11693 | D:11     | 11693 ||| STAIRDANCE
 11695 | D:10     | 11695 ||| SWAPPING to +0 morningstar.
 11700 | D:10     | HP: 24/96 [crocodile (2)]
 11700 | D:10     | HP: 11/96 [seven-headed hydra (6)]
 11700 | D:10     | Slain by a crocodile

Levels and vault maps discovered:
D:1:      scummos_arrival_checkerplants, layout_basic, xom_teletrap_fun
D:2:      layout_loops_corners, first_ration, ebering_dispersal_statue_hall,
          chequers_serial_rivers_micro_b, uniq_terence
D:3:      layout_loops_ring, lemuel_round_altar,
          amethyst_overflow_temple_binary, kennysheep_generic_room_6
D:4:      layout_loops_ring, overflow_temple_1_default, lemuel_crystal_altar,
          uniq_edmund
D:5:      layout_cave_pools, grunt_temple_overflow_open, kennysheep_mini_moat,
          minmay_temple_entry_wispy, cheibrodos_ashenzari_chains, uniq_pikel
D:6:      layout_rooms, serial_shops, nicolae_shop_statue_plus,
          minmay_joined_circles, uniq_eustachio
D:7:      layout_loops_ring
D:8:      layout_loops_cross, enter_bailey_2
D:9:      layout_roguey, kennysheep_mini, serial_shops,
          nicolae_shop_temple_entry_statues_fountains, gammafunk_ghost_grave,
          lemuel_flamethrower_1
D:10:     layout_cave_pools
D:11:     layout_roguey, lair_entry_dummy, hangedman_pestilent_swarm
Temple:   dshaligram_water_room_temple

Skill      XL: |  1  2  3  4  5  6  7  8  9 10 |
---------------+-------------------------------+-----
Axes           | 3 4 5 6 7 8 9 11 12 | 12.0
Fighting       | 4 5 6 7 |  7.9
Dodging        | 1 2 3 |  3.0
Shields        | 3 4 5 |  5.2
Armour         | 3 4 |  4.0

Action                   |  1- 3 |  4- 6 |  7- 9 | 10-12 || total
-------------------------+-------+-------+-------+-------++-------
Melee: War axe           |   101 |   172 |   387 |   294 ||   954
       Morningstar       |       |       |       |     5 ||     5
Throw: Javelin           |       |       |       |     3 ||     3
 Abil: Spit Poison       |    21 |    34 |    30 |    25 ||   110
  Use: Scroll            |     8 |     7 |     7 |     7 ||    29
       Potion            |       |       |     4 |       ||     4
 Stab: Distracted        |       |       |       |     1 ||     1
  Eat: Chunk             |     2 |     9 |     2 |     8 ||    21
       Ration            |       |       |     3 |       ||     3
Armor: Scale mail        |    37 |    11 |       |       ||    48
       Chain mail        |       |    66 |   206 |    50 ||   322
       Plate armour      |       |       |       |    84 ||    84
Dodge: Dodged            |     8 |    27 |    73 |    63 ||   171
Block: Kite shield       |    45 |    59 |   174 |   138 ||   416

Table legend:
 A = Non-vault XP
 B = Vault XP
 C = Vault XP percentage of total XP
 D = Non-vault monster count
 E = Vault monster count
 F = Vault count percentage of total count
                 A         B        C        D         E       F
            +---------+---------+-------+---------+---------+-------
      Total |    7625 |    1191 |  13.5 |     246 |      13 |   5.0
            +---------+---------+-------+---------+---------+-------
        D:1 |      43 |       0 |   0.0 |      22 |       0 |   0.0
        D:2 |      72 |      36 |  33.3 |      21 |       1 |   4.5
        D:3 |     240 |       4 |   1.6 |      39 |       2 |   4.9
        D:4 |     105 |     162 |  60.7 |      10 |       1 |   9.1
        D:5 |    1027 |     831 |  44.7 |      20 |       2 |   9.1
        D:6 |     492 |     158 |  24.3 |      17 |       7 |  29.2
        D:7 |    1017 |       0 |   0.0 |      20 |       0 |   0.0
        D:8 |    2054 |       0 |   0.0 |      47 |       0 |   0.0
        D:9 |    1823 |       0 |   0.0 |      32 |       0 |   0.0
       D:10 |     752 |       0 |   0.0 |      18 |       0 |   0.0
            +---------+---------+-------+---------+---------+-------
